Map: Old Republic LE

Players

Bazazow

  • Race: Terran Terran
  • League: Platinum
  • Spawn Location: 7:00

HoldTheDoor - Winner!

  • Race: Protoss Protoss
  • League: Diamond
  • Spawn Location: 1:00

VOD

Have the link to the VOD?

Description

Time

  • Played on: May 1, 2026, 12:32 p.m.
  • Length: 5:44
Show
View Real Time Build Order
Export as new Build Order

Bazazow Terran 

Build Orders: Reaper Expand 

Get SALT Encoding   

  12  0:00  SCV  
  13  0:12  SCV  
  14  0:17  Supply Depot  
  14  0:24  SCV  
  15  0:39  SCV  
  15  0:41  Barracks  
  16  0:44  Refinery  
  16  0:51  SCV  
  17  1:05  SCV  
  18  1:14  Refinery  
  18  1:17  SCV  
  19  1:29  Orbital Command  
  19  1:35  Reaper  
  20  1:45  Command Center  
  20  1:53  Supply Depot  
  20  1:55  SCV  
  21  2:01  Refinery  
  21  2:07  Marine, SCV  
  23  2:25  SCV  
  24  2:30  Factory  
  24  2:32  Barracks Reactor  
  24  2:37  SCV  
  24  2:53  SCV  
  24  2:57  Orbital Command  
  25  3:04  Supply Depot  
  25  3:05  SCV  
  26  3:10  Marine x2  
  28  3:14  Widow Mine  
  28  3:15  Starport  
  28  3:17  SCV  
  32  3:27  SCV  
  32  3:29  SCV, Marine  
  32  3:30  Marine  
  35  3:38  Supply Depot  
  35  3:39  SCV  
  36  3:41  SCV  
  36  3:43  Widow Mine  
  39  3:51  SCV  
  40  3:57  Medivac  
  40  3:58  Marine x2  
  40  4:02  SCV  
  45  4:03  SCV  
  45  4:06  Supply Depot  
  45  4:07  Widow Mine  
  48  4:14  SCV  
  49  4:19  Command Center  
  49  4:20  Marine x2  
  49  4:23  Engineering Bay  
  51  4:24  SCV  
  51  4:28  SCV  
  53  4:31  Refinery  
  53  4:39  Bunker  
  53  4:44  Factory Tech Lab  
  53  4:45  Starport Tech Lab, Supply Depot  
  53  4:46  Supply Depot  
  53  4:48  SCV  
  53  4:50  Barracks, SCV  
  55  4:57  Marine x2  
  56  5:06  SCV  
  54  5:15  Marine x2  
Show
View Real Time Build Order
Export as new Build Order

HoldTheDoor Protoss - Winner!

Build Orders: 1 Gate Expand, Mass Adepts 

Get SALT Encoding   

  12  0:00  Probe  
  13  0:12  Probe  
  14  0:17  Pylon  
  14  0:23  Probe  
  15  0:31  Probe  
  15  0:38  Gateway  
  15  0:39  Probe  
  16  0:49  Assimilator  
  17  0:52  Probe  
  18  1:06  Probe  
  18  1:07  Pylon  
  19  1:18  Probe  
  20  1:28  Cybernetics Core  
  20  1:35  Nexus  
  20  1:39  Pylon  
  20  1:43  Probe  
  21  1:50  Assimilator  
  21  1:56  Adept  
  21  1:57  Probe  
  22  2:07  Warp Gate  
  22  2:08  Shield Battery  
  24  2:14  Probe  
  25  2:25  Pylon  
  25  2:26  Probe  
  26  2:38  Probe  
  27  2:47  Sentry  
  27  2:50  Probe  
  30  2:52  Gateway  
  30  2:54  Robotics Facility  
  30  2:58  Probe  
  31  3:02  Probe  
  32  3:06  Shield Battery  
  32  3:10  Probe  
  33  3:13  Adept  
  35  3:20  Probe  
  35  3:22  Probe  
  37  3:32  Gateway  
  37  3:34  Probe  
  37  3:35  Gateway  
  37  3:38  Probe  
  37  3:40  Warp Prism  
  41  3:57  Adept  
  41  3:58  Adept  
  45  4:11  Pylon  
  45  4:14  Pylon  
  45  4:17  Pylon  
  45  4:20  Adept x2  
  49  4:39  Adept x2  
  49  4:43  Adept x2  
  57  4:57  Shield Battery  
  57  5:10  Adept  
  57  5:11  Adept x3  
Tags
 
Add a new tag
Caveats
  • Supply blocks, unpowered buildings, or Contaminate may cause inaccurate times.
  • Supply counts are checked every 10 seconds.